 Dungeon Crawl Stone Soup version 0.30.0-3-ga4e48a9924 (webtiles) character file.

Game seed: 6634059948246740476

10153 Farfigtubin the Protected (level 11, -19/67 HPs)
             Began as a Gargoyle Earth Elementalist on May 7, 2023.
             Was an Elder of Cheibriados.
             Demolished by a white ugly thing (26 damage)
             ... in an ice cave.
             The game lasted 01:12:08 (9517 turns).

Farfigtubin the Protected (GrEE)                    Turns: 9517, Time: 01:12:09

Health: -19/67     AC: 39    Str: 23    XL:     11   Next: 57%
Magic:  7/15       EV:  9    Int: 29    God:    Cheibriados [****..]
Gold:   777        SH:  0    Dex: 20    Spells: 12/16 levels left

rFire   + . .        K - +1 flail (protect)
rCold   . . .        (no shield)
rNeg    + . .        G - +2 chain mail {rF+}
rPois   ∞            s - +2 helmet {SInv}
rElec   +            (no cloak)
rCorr   .            j - +0 pair of gloves
SInv    +            I - +0 pair of boots
Will    .....        q - amulet of regeneration Stlth
                     v - +4 ring of protection
HPRegen 1.11/turn    (no ring)
MPRegen 0.14/turn

%: no passive effects
@: under a protective aura, very slow
A: sickness immunity, AC +8, negative energy resistance 1, electricity
resistance, torment resistance 1, petrification resistance
a: Renounce Religion, Bend Time, Temporal Distortion, Slouch


You were in an ice cave.
You worshipped Cheibriados.
Cheibriados was greatly pleased with you.
You visited 2 branches of the dungeon, and saw 12 of its levels.
You also visited: Ice Cave.

You collected 777 gold pieces.

Inventory:

Hand Weapons
 H - a +0 morningstar
 K - a +1 flail of protection (weapon)
Missiles
 w - 7 poisoned darts
 z - 5 boomerangs
Armour
 j - a +0 pair of gloves (worn)
 s - a +2 helmet of see invisible (worn)
 G - a +2 chain mail of fire resistance (worn)
 I - a +0 pair of boots (worn)
Jewellery
 q - an amulet of regeneration (around neck)
 v - a +4 ring of protection (left hand)
 O - a ring of flight
Wands
 C - a wand of flame (21)
 D - a wand of paralysis (3)
 N - a wand of polymorph (13)
Scrolls
 f - 2 scrolls of vulnerability {unknown}
 h - a scroll of magic mapping {unknown}
 k - 2 scrolls of identify
 l - 2 scrolls of silence {unknown}
 o - 7 scrolls of teleportation
 r - 2 scrolls of fear {unknown}
 x - 2 scrolls of brand weapon {unknown}
 E - a scroll of butterflies {unknown}
 F - 2 scrolls of fog
 Q - a scroll of enchant weapon {unknown}
Potions
 b - 2 potions of magic
 d - 3 potions of attraction {unknown}
 i - 5 potions of curing
 m - 3 potions of heal wounds
 n - a potion of ambrosia {unknown}
 p - 3 potions of brilliance
 t - 2 potions of might
 u - a potion of invisibility {unknown}
 B - 2 potions of lignification {unknown}
 M - 2 potions of mutation {unknown}
Miscellaneous
 a - a piece from Xom's chessboard (15/15)
 L - a phial of floods (inert)
 P - a phantom mirror


   Skills:
 + Level 7.1 Fighting
 + Level 8.9 Maces & Flails
 * Level 11.5 Armour
 - Level 1.5 Dodging
 - Level 2.1 Stealth
 - Level 3.2 Spellcasting
 - Level 4.2 Conjurations
 - Level 0.7 Transmutations
 - Level 10.1 Earth Magic


You had 12 spell levels left.
You knew the following spells:

 Your Spells              Type           Power      Damage    Failure   Level
a - Sandblast             Erth           100%       2d20      1%          1
b - Stone Arrow           Conj/Erth      92%        3d12      4%          3

Your spell library contained the following spells:

 Spells                   Type           Power      Damage    Failure   Level
 Passwall                 Tmut/Erth      30%        N/A       4%          2
 Kiss of Death            Conj/Necr      64%        2d10      14%         1
 Apportation              Tloc           8%         N/A       32%         1
 Necrotise                Necr           16%        1d4       32%         1
 Summon Small Mammal      Summ           16%        N/A       32%         1
 Petrify                  Tmut/Erth      36%        N/A       32%         4
 Dazzling Flash           Conj/Hex       32%        N/A       38%         3
 Blink                    Tloc           8%         N/A       43%         2
 Confusing Touch          Hex            4%         N/A       67%         3
 Ozocubu's Armour         Ice            4%         N/A       67%         3
 Cause Fear               Hex            2%         N/A       97%         4
 Dispel Undead            Necr           4%         3d7       97%         4
 Manifold Assault         Tloc           4%         N/A       97%         4
 Summon Lightning Spire   Summ/Air       4%         N/A       97%         4
 Agony                    Necr           4%         N/A       100%        5
 Metabolic Englaciation   Hex/Ice        2%         N/A       100%        5
 Silence                  Hex/Air        2%         N/A       100%        5
 Summon Forest            Summ/Tloc      2%         N/A       100%        5
 Eringya's Noxious Bog    Tmut/Pois      3%         N/A       100%        6
 Simulacrum               Ice/Necr       2%         N/A       100%        6
 Dragon Form              Tmut           4%         N/A       100%        7
 Storm Form               Tmut/Air       3%         N/A       100%        7
 Summon Hydra             Summ           2%         N/A       100%        7
 Maxwell's Capacitive Co  Air            2%         ∞         100%        8
 Dragon's Call            Summ           2%         N/A       100%        9


Dungeon Overview and Level Annotations

Branches:
Dungeon (11/15)            Temple (1/1) D:7             Orc (0/2) D:10
  IceCv (1/1)
   Lair: D:8-11

Altars:
Ashenzari
Cheibriados
Dithmenos
Elyvilon
Fedhas
Gozag
Hepliaklqana
Kikubaaqudgha
Makhleb
Nemelex Xobeh
Okawaru
Qazlal
Ru
Sif Muna
Trog
Uskayaw
Vehumet
Wu Jian
Xom
Yredelemnul
Zin
The Shining One

Shops:
D:3 =

Annotations:
D:2 1 runed translucent door, Crazy Yiuf
D:5 3 runed translucent doors, Taurus's ghost, amateur MiFi


Innate Abilities, Weirdness & Mutations

You are immune to sickness and miasma.
Your stone body is resilient. (AC +8)
You are immune to poison.
You resist negative energy. (rN+)
You are resistant to electric shocks. (rElec)
You are resistant to unholy torment.
You are immune to petrification.


Message History

You sock the white ugly thing!
Your weapon exudes an aura of protection.
The white ugly thing is severely wounded.
The wolf simulacrum bites you. The wolf simulacrum freezes you!
The wolf simulacrum bites you but does no damage.
The white ugly thing tentacle-slaps you but does no damage.
You thump the white ugly thing!
The white ugly thing is almost dead.
The wolf simulacrum barely misses you. x2
The white ugly thing tentacle-slaps you.
The white ugly thing freezes you!!
* * * LOW HITPOINT WARNING * * *
The wolf simulacrum bites you but does no damage.
You feel much better.
The wolf simulacrum bites you but does no damage.
The wolf simulacrum bites you. The wolf simulacrum freezes you.
* * * LOW HITPOINT WARNING * * *
The wolf simulacrum bites you.
* * * LOW HITPOINT WARNING * * *
The wolf simulacrum freezes you.
* * * LOW HITPOINT WARNING * * *
The white ugly thing tentacle-slaps you but does no damage.
Aim the phial where?
Press: ? - help, Shift-Dir - straight line, f/p - white ugly thing
Aim: a white ugly thing (almost dead)
The torrent of water misses the white ugly thing.
The wave splashes down.
The white ugly thing is engulfed in water.
The wolf simulacrum completely misses you.
The wolf simulacrum splashes around in the water.
The white ugly thing tentacle-slaps you but does no damage.
The wolf simulacrum bites you but does no damage.
You hit the white ugly thing.
The white ugly thing is almost dead.
The wolf simulacrum closely misses you.
The wolf simulacrum bites you but does no damage. x2
The white ugly thing tentacle-slaps you.
* * * LOW HITPOINT WARNING * * *
The white ugly thing freezes you!!
You die...

### ###...
#......
##.......
##........
#.......8.
#~Z~......
#@u~.....?
#~Z.......
#.......8.
##........
##.......
#......
###... ###


You could see a white ugly thing (waterlogged) and 2 wolf simulacra.

Vanquished Creatures
  Gastronok (D:9)
  A two-headed ogre (D:10)
  A boulder beetle (D:11)
  A wizard (D:10)
  A komodo dragon (D:9)
  A troll (D:9)
  A hornet (D:10)
  A shadow (D:10)
  3 steam dragons
  18 yaks
  2 vampire mosquitoes (D:8)
  Menkaure (D:7)
  3 ice beasts
  2 sky beasts
  An orc warrior (D:9)
  A black bear (D:6)
  An ogre (D:5)
  4 centaurs
  2 phantoms (D:10)
  2 kobold brigands
  A bullfrog (D:8)
  A gnoll sergeant (D:7)
  2 scorpions (D:5)
  12 wights
  A troll zombie (D:10)
  A howler monkey (D:10)
  A crimson imp (D:10)
  A jelly (D:7)
  4 orc priests
  A sleepcap (D:6)
  4 hounds
  An iguana (D:4)
  6 orc wizards
  A wolf simulacrum (IceCv)
  7 ogre zombies (D:10)
  Robin (D:2)
  14 gnolls
  9 adders
  A white imp (D:7)
  An ufetubus (D:5)
  2 worms
  2 dart slugs (D:1)
  46 orcs
  7 endoplasms
  2 giant cockroaches
  17 goblins
  7 hobgoblins
  4 jackals
  8 kobolds
  11 ball pythons
  4 bats
  6 frilled lizards
  2 goblin skeletons (D:10)
  3 goblin zombies (D:10)
  3 hobgoblin skeletons (D:10)
  4 hobgoblin zombies (D:10)
  2 orc skeletons (D:10)
  9 orc zombies (D:10)
  5 rats
262 creatures vanquished.

Vanquished Creatures (others)
  2 orc zombies (D:10)
2 creatures vanquished.

Grand Total: 264 creatures vanquished

Notes
Turn   | Place    | Note
-------+----------+-------------------------------------------
     0 | D:1      | Farfigtubin the Gargoyle Earth Elementalist began the quest
                  | for the Orb.
     0 | D:1      | Reached XP level 1. HP: 10/10 MP: 3/3
   213 | D:1      | Reached XP level 2. HP: 15/15 MP: 1/5
   606 | D:1      | Reached XP level 3. HP: 19/19 MP: 4/6
   816 | D:2      | Reached skill level 1 in Maces & Flails
   841 | D:2      | Noticed Robin
   950 | D:2      | Reached XP level 4. HP: 24/24 MP: 2/7
  1008 | D:2      | Reached skill level 5 in Earth Magic
  1193 | D:2      | Found a runed translucent door.
  1194 | D:2      | Noticed Crazy Yiuf
  1469 | D:2      | Killed Robin
  1774 | D:3      | Reached XP level 5. HP: 28/28 MP: 5/9
  1786 | D:3      | Found Uhoutu's Jewellery Shop.
  2230 | D:3      | Reached XP level 6. HP: 18/32 MP: 2/10
  2306 | D:3      | Found an ornate altar of the Wu Jian Council.
  2375 | D:3      | Found a faded altar of an unknown god.
  2975 | D:4      | Reached skill level 1 in Conjurations
  3131 | D:4      | Found a sacrificial altar of Ru.
  3340 | D:4      | Reached XP level 7. HP: 36/36 MP: 8/11
  3344 | D:4      | Learned a level 3 spell: Stone Arrow
  3502 | D:5      | Entered Level 5 of the Dungeon
  3616 | D:5      | Found a runed translucent gate.
  3618 | D:5      | Found a runed translucent gate.
  3619 | D:5      | Found a runed translucent gate.
  3620 | D:5      | Noticed Taurus's ghost (amateur MiFi)
  3762 | D:5      | Found a snail-covered altar of Cheibriados.
  3780 | D:5      | Became a worshipper of Cheibriados the Contemplative
  3955 | D:5      | Identified the +10 hand axe "Mokha" {pain, rElec rF+ Int-4
                  | Dex+7}
  4583 | D:6      | Found a white marble altar of Elyvilon.
  4715 | D:6      | Found a basalt altar of Yredelemnul.
  4742 | D:6      | Reached XP level 8. HP: 41/41 MP: 9/12
  4748 | D:6      | Found a burning altar of Makhleb.
  5422 | D:7      | Noticed a yak
  5423 | D:7      | Noticed a yak
  5428 | D:7      | Noticed a yak
  5429 | D:7      | Noticed a yak
  5430 | D:7      | Noticed a yak
  5437 | D:7      | Killed a yak
  5438 | D:7      | Reached skill level 1 in Armour
  5438 | D:7      | Killed a yak
  5439 | D:7      | Reached skill level 5 in Maces & Flails
  5439 | D:7      | Reached skill level 2 in Armour
  5441 | D:7      | Killed a yak
  5441 | D:7      | Reached * piety under Cheibriados
  5442 | D:7      | Reached skill level 3 in Armour
  5442 | D:7      | Reached XP level 9. HP: 41/45 MP: 3/13
  5457 | D:7      | Reached skill level 4 in Armour
  5459 | D:7      | Reached skill level 10 in Earth Magic
  5576 | D:7      | Found a staircase to the Ecumenical Temple.
  5592 | Temple   | Entered the Ecumenical Temple
  5692 | D:7      | Noticed Menkaure
  5698 | D:7      | Killed Menkaure
  5741 | D:7      | Found a radiant altar of Vehumet.
  5767 | D:7      | Reached skill level 5 in Armour
  6190 | D:7      | Reached skill level 1 in Fighting
  6462 | D:7      | Found a sparkling altar of Nemelex Xobeh.
  6533 | D:7      | Reached skill level 6 in Armour
  6564 | D:7      | Found a hazy altar of Hepliaklqana.
  6652 | D:7      | Reached ** piety under Cheibriados
  6926 | D:8      | Reached skill level 7 in Armour
  6961 | D:8      | Found a glowing silver altar of Zin.
  7007 | D:8      | Identified the +2 leather armour "Otzyb" {rC- rN++ Stlth+}
  7034 | D:8      | Found a shimmering blue altar of Sif Muna.
  7076 | D:8      | Reached XP level 10. HP: 56/56 MP: 11/14
  7251 | D:8      | Reached skill level 8 in Armour
  7623 | D:9      | Reached *** piety under Cheibriados
  8026 | D:9      | Reached skill level 5 in Fighting
  8026 | D:9      | Reached skill level 9 in Armour
  8030 | D:9      | Found an opulent altar of Gozag.
  8236 | D:9      | Noticed Gastronok
  8264 | D:9      | Killed Gastronok
  8290 | D:9      | Found a broken altar of Ashenzari.
  8431 | D:10     | Entered Level 10 of the Dungeon
  8432 | D:10     | Found a shimmering altar of Xom.
  8437 | D:10     | Noticed a two-headed ogre
  8550 | D:9      | Reached skill level 10 in Armour
  8550 | D:9      | Reached XP level 11. HP: 48/64 MP: 10/15
  8651 | D:10     | Killed a two-headed ogre
  8677 | D:10     | Found a staircase to the Orcish Mines.
  8717 | D:10     | Reached **** piety under Cheibriados
  8973 | D:10     | Reached skill level 11 in Armour
  9089 | D:10     | Noticed a wizard
  9096 | D:10     | Killed a wizard
  9433 | D:11     | Found a frozen archway.
  9436 | D:11     | Noticed a boulder beetle
  9492 | D:11     | Killed a boulder beetle
  9504 | IceCv    | Entered an ice cave
  9504 | IceCv    | Noticed a white ugly thing
  9517 | IceCv    | Demolished by a white ugly thing

Illustrated notes

Levels and vault maps discovered:
D:1:      scummos_arrival_gate, layout_loops_cross, serial_aquarium,
          aquarium_bridge_straight [aquarium_subvault_bridge,
          aquarium_subvault_window, aquarium_subvault_bridge,
          aquarium_subvault_wall], aquarium_bridge_square
          [aquarium_subvault_bridge, aquarium_subvault_bridge,
          aquarium_subvault_wall, aquarium_subvault_wall],
          aquarium_window_corner, aquarium_window_corner,
          aquarium_window_corner, aquarium_view_2d, aquarium_view_2d,
          aquarium_pool_split
D:2:      layout_basic, st_stairs_14, wad_orctagon, uniq_crazy_yiuf_cottage,
          uniq_robin
D:3:      layout_basic, nicolae_wu_jian_wuxing_cycle, serial_shops,
          nicolae_shop_hallway_plus, basic_ecumenical_altar
D:4:      layout_gridville, hangedman_ru_absence, minmay_ruptured
D:5:      layout_loops_ring, lemuel_crystal_altar, ebering_ghost_rock_garden,
          minmay_misc_feat_square, kennysheep_small_spiral
D:6:      layout_basic, elyvilon_altar_3, mainiacjoe_overflow_alcove_2,
          mainiacjoe_overflow_boulevard
D:7:      layout_basic, mainiacjoe_overflow_paths,
          lemuel_coloured_pillars_altar, nicolae_hepliaklqana_hippocampus,
          minmay_temple_entry_proselytizer, serial_park_tiny_pond,
          minmay_misc_feat_ornament, uniq_menkaure
D:8:      layout_cave_pools, zin_scriptorium, nicolae_overflow_hidden_temple
D:9:      layout_basic, mainiacjoe_overflow_surrounded_room,
          mainiacjoe_overflow_alcove_1, uniq_gastronok
D:10:     layout_gridville, xom_butterflies, zombieorc2_lemuel,
          lightli_wizard_tower
D:11:     layout_rooms, grunt_lair_entry_orc_guard_hut,
          portal_ice_cave_entry_pillars_2, chequers_serial_rivers_micro_d,
          uniq_lodul
Temple:   hellmonk_temple_of_storms
IceCv:    ice_cave_statue_garden_transporter

Skill      XL: |  1  2  3  4  5  6  7  8  9 10 11 |
---------------+----------------------------------+-----
Earth Magic    | 4 5 6 7 8 9 10 | 10.1
Maces & Flails | 1 2 3 4 5 6 8 |  8.9
Spellcasting   | 3 |  3.2
Conjurations   | 1 3 4 |  4.2
Armour         | 3 7 10 11 | 11.5
Fighting       | 3 5 7 |  7.1
Dodging        | |  1.5
Stealth        | |  2.1
Transmutations | |  0.7

Action                     |  1- 3 |  4- 6 |  7- 9 | 10-12 || total
---------------------------+-------+-------+-------+-------++-------
  Melee: Mace              |    11 |    82 |    68 |       ||   161
         Flail             |       |       |     4 |   159 ||   163
         Punch             |       |       |     1 |     6 ||     7
  Throw: Stone             |       |     1 |       |       ||     1
         Dart              |       |       |     1 |     1 ||     2
         Boomerang         |       |       |       |     3 ||     3
   Cast: Sandblast         |    34 |    85 |   125 |   136 ||   380
         Stone Arrow       |       |       |     2 |     2 ||     4
  Evoke: Wand              |       |       |     1 |     2 ||     3
         Phial of floods   |       |       |       |     1 ||     1
    Use: Scroll            |       |     4 |     4 |     3 ||    11
         Potion            |       |       |       |     3 ||     3
   Stab: Sleeping          |       |     1 |       |       ||     1
         Paralysed         |       |       |       |     8 ||     8
 Armour: Robe              |     8 |    66 |    73 |       ||   147
         Steam dragon scal |       |       |     5 |    72 ||    77
         Chain mail        |       |       |       |   130 ||   130
  Dodge: Dodged            |    10 |    76 |    83 |   153 ||   322
